AoeStats
← Low_Fuchs

Golden Pit

507927259Analyzed
1v1 RM · 11d ago on Sep 20, 2026· 46m 7s· 2 players
Game mode
Random Map
Map size
Tiny (2 player)
Population
200
Speed
Normal
Resources
Standard
Victory
Conquest
Starting age
Dark Age
Ending age
Imperial Age
RankedLock teamsTeams togetherTeam positionsShared explorationLock speedFull tech treeHidden civsTurbo modeCheats
Victory
Defeat
🇪🇸 Mongols · Spain
1640
+14
🇩🇪 Turks · Germany
1602
-14
Low_Fuchs
10:22 Feudal Age
15:22 Castle Age
14:02 Double-Bit Axe
16:19 Loom
17:23 Fletching
24:38 Padded Archer Armor
33:30 Wheelbarrow
34:00 Bodkin Arrow
34:17 Bow Saw
33:50 Horse Collar
35:01 Leather Archer Armor
34:48 Heavy Plow
39:31 Imperial Age
38:34 Hand Cart
38:45 Gold Mining
40:39 Bloodlines
40:30 Husbandry
40:36 Scale Barding Armor
42:27 Conscription
42:40 Chain Barding Armor
42:52 Masonry
44:12 Plate Barding Armor
44:47 Forging
Aleixofempires
6:47 Loom
9:03 Feudal Age
9:17 Man-at-Arms
10:04 Double-Bit Axe
11:39 Fletching
21:09 Castle Age
19:39 Horse Collar
19:52 Gold Mining
21:11 Crossbowman
21:50 Bodkin Arrow
23:56 Wheelbarrow
25:50 Bow Saw
26:47 Ballistics
32:41 Bloodlines
35:08 Hand Cart
38:55 Imperial Age
37:16 Heavy Plow
38:59 Elite Mangudai
39:56 Bracer
41:00 Chemistry
41:23 Gold Shaft Mining
40:40 Stone Mining
40:58 Padded Archer Armor
40:23 Light Cavalry
42:21 Leather Archer Armor
42:12 Scale Barding Armor
42:20 Hussar
43:11 Forging
44:20 Chain Barding Armor
45:24 Iron Casting
Connection lost

Rejoining the realm…

Still unreachable

The connection could not be restored.

Session expired

The server has moved on; the page needs a fresh start.